 Dungeon Crawl Stone Soup version 0.18.1-48-g4cf74bf (webtiles) character file.

32242 WarriorsX the Carver (level 14, -7/116 HPs)
             Began as a Human Fighter on Aug 7, 2016.
             Was a Priest of Trog.
             Mangled by a harpy (14 damage)
             ... summoned by Kirke
             ... on level 5 of the Lair of Beasts on Aug 8, 2016.
             The game lasted 01:34:49 (21618 turns).

WarriorsX the Carver (Human Fighter)               Turns: 21618, Time: 01:34:52

Health: -7/116     AC:  0    Str: 23    XL:     14   Next: 1%
Magic:  17/17      EV: 13    Int:  8    God:    Trog [***...]
Gold:   699        SH:  0    Dex: 12    Spells: 0 memorised, 13 levels left

rFire  . . .     SeeInvis .     (weapon currently unavailable)
rCold  . . .     Gourm    .     (armour currently unavailable)
rNeg   . . .     Faith    .     (shield currently unavailable)
rPois  .         Spirit   .     (helmet currently unavailable)
rElec  .         Dismiss  .     (cloak currently unavailable)
rCorr  .         Reflect  .     (gloves currently unavailable)
SustAt .         Harm     .     (boots currently unavailable)
MR     +....                    (no amulet)
Stlth  +.........               (ring currently unavailable)
                                (ring currently unavailable)

@: exhausted, pig-form, slowed, somewhat resistant to hostile enchantments, very
unstealthy
A: (horns 0), (talons 0)
a: Berserk, Trog's Hand, Burn Spellbooks, Renounce Religion


You were on level 5 of the Lair of Beasts.
You worshipped Trog.
Trog was most pleased with you.
You were very hungry.
You were a filthy swine.
You visited 2 branches of the dungeon, and saw 18 of its levels.
You visited 1 bazaar.
You also visited: Sewer and Ice Cave.

You collected 1215 gold pieces.
You spent 516 gold pieces at shops.

Inventory:

Hand Weapons
 a - a +3 antimagic great sword
 q - a +2 shortbow of freezing
 A - the +4 long sword "Eniju" (melded) {pain, SInv}
   (You found it on level 11 of the Dungeon)

   In the hands of one skilled in necromantic magic, it inflicts extra damage on
   living creatures.
   It lets you see invisible.
Missiles
 r - 439 arrows
Armour
 c - a +0 shield (melded)
 h - a +0 plate armour (melded)
 k - a +0 cloak of cold resistance
 x - a +2 cloak of magic resistance (melded)
 C - a +2 helmet
 P - the +0 helmet of Bedevilment {Int+4 Dex+4 Stlth+, unknown}
   (You found it on level 2 of the Lair of Beasts)

   It affects your intelligence (+4).
   It affects your dexterity (+4).
   It makes you more stealthy.
 U - the +10 chain mail of Eternal Night {rF++ MP+9 Str-4 Dex-4}
   (You found it on level 2 of the Lair of Beasts)

   It affects your strength (-4).
   It affects your dexterity (-4).
   It greatly protects you from fire.
   It affects your magic capacity (+9).
 Z - a +2 pair of gloves of cold resistance (melded)
Jewellery
 i - a +1 ring of protection
 v - an uncursed amulet of regeneration
 E - a ring of poison resistance (melded)
 H - a ring of protection from cold (melded)
 R - an uncursed amulet of guardian spirit
Wands
 l - a wand of flame (35/48)
 p - a wand of polymorph (1/24)
 w - a wand of flame (9/48)
 y - a wand of slowing (19/48)
 B - a wand of confusion (18/48)
 K - a wand of iceblast (3/15)
 T - a wand of acid (8/15)
 V - a wand of lightning (2/15)
Scrolls
 e - 16 scrolls of identify
 s - 7 scrolls of remove curse
 t - 5 scrolls of fog
 u - 5 scrolls of blinking
 D - a scroll of teleportation
 F - 5 scrolls of enchant armour
 G - a scroll of brand weapon
 J - a scroll of magic mapping
 L - 2 scrolls of recharging
 Q - a scroll of fear
Potions
 d - 4 potions of might
 g - 4 potions of curing
 j - a potion of agility
 m - a potion of haste
 z - a potion of flight
 N - a potion of magic
 O - a potion of heal wounds
Miscellaneous
 n - a plain deck of summoning {drawn: 4}
 W - a plain deck of defence {drawn: 1}
Comestibles
 b - 8 meat rations
 f - 11 bread rations
 o - a chunk of flesh
 M - a slice of pizza
 S - 19 fruits


   Skills:
 + Level 12.4 Fighting
 + Level 12.9 Long Blades
 * Level 11.6 Armour
 - Level 9.0 Shields
 - Level 4.0 Evocations


You had 13 spell levels left.
You didn't know any spells.

Dungeon Overview and Level Annotations

Branches:
Dungeon (13/15)            Temple (0/1) D:4            Lair (5/8) D:11
    Orc (0/2) D:10         Vaults (0/5) D:13
  Swamp: Lair:3-6    Shoals: Lair:3-6     Snake: Lair:3-6    Spider: Lair:3-6

Altars:
Elyvilon
Fedhas
Makhleb
Nemelex Xobeh
Pakellas
Sif Muna
Trog
Vehumet
The Shining One

Shops:
D:5 %   D:7 [   D:12 :

Annotations:
Lair:4 1 exclusion
Lair:5 Kirke


Innate Abilities, Weirdness & Mutations

((You have a pair of small horns on your head.))
((You have razor-sharp toenails.))


Message History

* * * LOW HITPOINT WARNING * * *
The harpy closely misses you. The harpy claws you.
* * * LOW HITPOINT WARNING * * *
Kirke hits you!
* * * LOW HITPOINT WARNING * * *
The harpy screeches!
The harpy misses you. The harpy claws you.
* * * LOW HITPOINT WARNING * * *
You feel a strong urge to attack something.
The harpy screeches!
The harpy claws you!!
* * * LOW HITPOINT WARNING * * *
The harpy closely misses you.
You are no longer berserk.
You are exhausted.
You feel yourself slow down.
You are feeling very hungry.
The harpy screeches!
The harpy closely misses you. The harpy claws you!
You die...

.......# #≈≈≈#.......#.#
.......# #≈≈≈#........#
.......# #≈≈≈#........#
.......#### ###'........#
..........#######..........##
............................#
...........................P#
.............k.H...........##
.............H@.h..........#
####..###.###%P#.....#.#####
# #### ### #.########## ###


You could see Kirke, a lindwurm and 2 harpies.

Vanquished Creatures
  A vault guard (D:13)
  3 centaur warriors (D:13)
  An unseen horror (D:11)
  A necromancer (IceCv)
  3 hill giants
  2 ugly things
  2 cyclopes
  An elephant (D:11)
  Joseph (D:7)
  A centaur zombie (D:12)
  An ice statue (IceCv)
  6 spiny frogs
  4 komodo dragons
  A rime drake (Lair:3)
  A kobold demonologist (D:13)
  8 freezing wraiths (IceCv)
  A tengu conjurer (D:11)
  A merfolk (D:10)
  3 trolls
  3 blink frogs (Lair:3)
  A two-headed ogre (D:13)
  A wolf spider simulacrum (IceCv)
  5 slime creatures
  A vampire (D:11)
  2 wyverns
  A wraith (D:11)
  8 yaks
  6 hippogriffs
  2 hogs (Lair:5)
  A hungry ghost (D:8)
  A basilisk (Lair:5)
  4 water moccasins
  5 porcupines
  16 ice beasts
  8 orc warriors
  An eye of draining (D:8)
  2 necrophages
  A black bear (Lair:1)
  8 ogres
  2 phantoms
  15 centaurs
  6 wolves (Lair:1)
  The ghost of junkhipster the Skirmisher, an amateur GrFi (Sewer)
  5 crocodiles
  5 big kobolds
  11 giant frogs
  6 gnoll sergeants
  A wyvern skeleton (D:11)
  6 scorpions
  A water moccasin skeleton (D:7)
  4 killer bees (D:10)
  An elephant simulacrum (IceCv)
  9 wights
  3 howler monkeys
  6 crimson imps
  3 quasits
  2 gnoll shamans
  6 hounds
  Crazy Yiuf (D:7)
  2 centaur skeletons
  12 orc priests
  4 giant frog skeletons
  3 jellies
  11 orc wizards
  9 iguanas
  7 troll simulacra (IceCv)
  8 worker ants
  A spriggan simulacrum (IceCv)
  A sheep (D:10)
  2 centaur simulacra (IceCv)
  2 hound zombies
  A hound skeleton (D:8)
  A howler monkey zombie (D:11)
  50 gnolls
  34 river rats
  26 adders
  4 naga simulacra (IceCv)
  5 ogre simulacra (IceCv)
  4 shadow imps
  12 white imps (IceCv)
  13 oozes
  5 adder skeletons
  3 worms
  3 dart slugs
  16 giant geckos
  48 orcs
  11 giant cockroaches
  13 goblins
  8 hobgoblins
  31 jackals
  5 kobolds
  9 quokkas
  10 ball pythons
  17 bats
  A giant cockroach zombie (D:6)
  15 giant newts
  6 rats
  A butterfly (Lair:4)
627 creatures vanquished.

Vanquished Creatures (collateral kills)
  A fire dragon (D:12)
  2 freezing wraiths (IceCv)
  A black bear (D:10)
  A wasp (D:10)
  A swamp dragon simulacrum (IceCv)
  An elephant simulacrum (IceCv)
  A spriggan simulacrum (IceCv)
8 creatures vanquished.

Vanquished Creatures (others)
  An orc wizard (D:11)
  2 fungi
  A plant (Lair:1)
4 creatures vanquished.

Grand Total: 639 creatures vanquished

Notes
Turn   | Place    | Note
--------------------------------------------------------------
     0 | D:1      | WarriorsX the Human Fighter began the quest for the Orb.
     0 | D:1      | Reached XP level 1. HP: 18/18 MP: 1/1
    40 | D:1      | Reached XP level 2. HP: 21/24 MP: 2/2
   300 | D:1      | Reached XP level 3. HP: 30/30 MP: 3/3
   989 | D:2      | Reached XP level 4. HP: 35/37 MP: 4/4
  1042 | D:2      | Found a bloodstained altar of Trog.
  1062 | D:2      | Became a worshipper of Trog the Wrathful
  1382 | D:3      | Reached XP level 5. HP: 42/42 MP: 5/5
  2327 | D:4      | Reached * piety under Trog
  2370 | D:4      | Noticed an ogre
  2387 | D:4      | Killed an ogre
  2387 | D:4      | Reached XP level 6. HP: 7/48 MP: 6/6
  2920 | D:4      | Found a deep blue altar of Sif Muna.
  2993 | D:4      | Reached skill level 5 in Armour
  3200 | D:4      | Noticed an ogre
  3391 | D:3      | Reached XP level 7. HP: 54/54 MP: 7/7
  3406 | D:3      | Reached skill level 5 in Long Blades
  3835 | D:4      | Reached ** piety under Trog
  4380 | D:4      | Reached skill level 5 in Fighting
  4785 | D:4      | Reached XP level 8. HP: 56/62 MP: 8/8
  4812 | D:4      | Found a staircase to the Ecumenical Temple.
  4973 | D:4      | Noticed a yak
  6609 | D:5      | Entered Level 5 of the Dungeon
  6614 | D:5      | Found a glowing drain.
  6647 | D:4      | Reached *** piety under Trog
  6703 | D:5      | Reached skill level 5 in Shields
  6837 | Sewer    | Entered a sewer
  7017 | Sewer    | Reached **** piety under Trog
  7060 | Sewer    | Reached XP level 9. HP: 67/69 MP: 9/9
  7101 | Sewer    | Noticed junkhipster's ghost (amateur GrFi)
  7125 | Sewer    | Killed junkhipster's ghost
  7662 | D:5      | Found Zis Taer's Food Shoppe.
  7730 | D:5      | Found a radiant altar of Vehumet.
  7731 | D:5      | Found a burning altar of Makhleb.
  8088 | D:6      | Found an oddly glowing altar of Pakellas.
  8088 | D:6      | Found a blossoming altar of Fedhas.
  8090 | D:6      | Found a white marble altar of Elyvilon.
  8099 | D:6      | Found a sparkling altar of Nemelex Xobeh.
  9055 | D:7      | Reached XP level 10. HP: 77/77 MP: 10/10
  9170 | D:7      | Found a glowing golden altar of the Shining One.
  9231 | D:7      | Noticed Joseph
  9254 | D:7      | Killed Joseph
  9382 | D:7      | Reached ***** piety under Trog
  9436 | D:7      | Noticed Crazy Yiuf
  9447 | D:7      | Killed Crazy Yiuf
  9802 | D:7      | Found Resypiw's Antique Armour Shop.
  9810 | D:7      | Bought a glowing cloak for 126 gold pieces
 10340 | D:8      | Reached skill level 10 in Fighting
 10438 | D:8      | Received a gift from Trog
 10528 | D:8      | Reached skill level 1 in Evocations
 11538 | D:10     | Entered Level 10 of the Dungeon
 11998 | D:9      | Reached XP level 11. HP: 61/91 MP: 12/14
 12693 | D:10     | Reached skill level 10 in Long Blades
 12713 | D:10     | Found a staircase to the Orcish Mines.
 13287 | D:11     | Found a staircase to the Lair.
 13288 | D:11     | Noticed an elephant
 13387 | D:11     | Killed an elephant
 13476 | D:11     | Killed an unseen horror
 14133 | D:11     | Got an ivory long sword
 14153 | D:11     | Reached skill level 10 in Armour
 14164 | D:11     | Identified the +4 long sword "Eniju" {pain, SInv} (You found it on level 11 of the Dungeon)
 14364 | D:11     | Reached XP level 12. HP: 91/97 MP: 15/15
 14406 | D:11     | Received a gift from Trog
 14501 | D:12     | Found Loam's Book Boutique.
 14933 | D:12     | Noticed a fire dragon
 14933 | D:12     | a hill giant changed into a fire dragon
 14937 | D:12     | Killed a fire dragon
 15009 | D:12     | Gained mutation: You have a pair of small horns on your head. [mutagenic meat]
 15882 | D:13     | Found a flickering gateway to a bazaar.
 15888 | Bazaar   | Entered a bazaar
 15889 | Bazaar   | Found Uvoxto's Magic Scroll Boutique.
 15889 | Bazaar   | Found Huimniha's Gadget Shop.
 15890 | Bazaar   | Found Nufurhur's Jewellery Emporium.
 15921 | Bazaar   | Found Vimuw's Magic Scroll Emporium.
 15940 | Bazaar   | Bought a scroll of brand weapon for 280 gold pieces
 15951 | Bazaar   | Bought a scroll of enchant armour for 75 gold pieces
 15951 | Bazaar   | Bought a scroll of magic mapping for 35 gold pieces
 16172 | D:13     | Noticed a centaur warrior
 16186 | D:13     | Killed a centaur warrior
 16330 | D:13     | Received a gift from Trog
 16372 | D:13     | Noticed a centaur warrior
 16382 | D:13     | Noticed a sun demon
 16390 | D:13     | Killed a centaur warrior
 16578 | D:13     | Noticed a centaur warrior
 16587 | D:13     | Killed a centaur warrior
 16587 | D:13     | Reached XP level 13. HP: 101/106 MP: 16/16
 16822 | D:13     | Noticed a vault guard
 16839 | D:13     | Killed a vault guard
 16856 | D:13     | Found a gate to the Vaults.
 17013 | Lair:1   | Entered Level 1 of the Lair of Beasts
 18213 | Lair:2   | Found a frozen archway.
 18267 | Lair:2   | Got a spiked chain mail
 18302 | IceCv    | Entered an ice cave
 18427 | IceCv    | Received a gift from Trog
 18437 | IceCv    | Identified the +10 chain mail of Eternal Night {rF++ MP+9 Str-4 Dex-4} (You found it on level 2 of the Lair of Beasts)
 18824 | IceCv    | Found an ancient bone altar of Kikubaaqudgha.
 18827 | IceCv    | XOM: divination: magic mapping
 19212 | IceCv    | Gained mutation: You have sharp toenails. [potion of beneficial mutation]
 19213 | IceCv    | Gained mutation: You have razor-sharp toenails. [potion of beneficial mutation]
 19618 | Lair:2   | Got a brightly glowing helmet
 20536 | Lair:3   | Noticed a five-headed hydra
 21459 | Lair:5   | Reached XP level 14. HP: 100/116 MP: 17/17
 21579 | Lair:5   | Noticed Kirke
 21618 | Lair:5   | Mangled by a harpy

Skill      XL: |  1  2  3  4  5  6  7  8  9 10 11 12 13 |
---------------+----------------------------------------+-----
Fighting       | 4 5 6 10 11 12 | 12.4
Long Blades    | 3 4 6 8 10 11 12 | 12.9
Armour         | 4 5 7 10 11 | 11.6
Shields        | 6 9 |  9.0
Evocations     | 4 |  4.0

Action                   |  1- 3 |  4- 6 |  7- 9 | 10-12 | 13-15 || total
-------------------------+-------+-------+-------+-------+-------++-------
Melee: Long sword        |   106 |   223 |   794 |  1232 |   672 ||  3027
       Unarmed           |       |       |     1 |       |     6 ||     7
       Headbutt          |       |       |       |    57 |   154 ||   211
       Kick              |       |       |       |       |    64 ||    64
Invok: Berserk           |       |     1 |     6 |     7 |     4 ||    18
       Trog's Hand       |       |       |     1 |     3 |     2 ||     6
       Brothers in Arms  |       |       |       |     2 |     2 ||     4
       Burn Spellbooks   |       |       |       |       |     1 ||     1
Evoke: Wand              |       |       |       |    21 |    20 ||    41
       Deck              |       |       |       |       |     5 ||     5
  Use: Scroll            |       |       |     4 |    13 |    10 ||    27
       Potion            |       |       |     7 |     5 |     5 ||    17
  Eat: Chunk             |       |     9 |    23 |    33 |    16 ||    81
       Royal jelly       |       |       |     1 |     1 |       ||     2
       Beef jerky        |       |       |       |     1 |       ||     1
       Fruit             |       |       |       |     3 |     6 ||     9
Armor: Scale mail        |    69 |   107 |   230 |       |       ||   406
       Plate armour      |       |       |   187 |   780 |   353 ||  1320
Dodge: Dodged            |    40 |    72 |   241 |   294 |   136 ||   783
Block: Shield            |    63 |   128 |   513 |   321 |   368 ||  1393
